[Event "Titled Tuesday Blitz May 03 Early 2022"]
[White "Namitbir Singh Walia"]
[Black "Bashirli, Saadat"]
[WhiteFideId "35071068"]
[BlackFideId "13429990"]
[WhiteElo "1565"]
[BlackElo "1173"]
[Result "0-1"]
[Round "04"]
[TimeControl "180+1"]
[Date "2022.05.03"]
[WhiteClock "0:00:03"]
[BlackClock "0:00:06"]

1. d4 d5 2. c4 e6 3. Nf3 c6 4. g3 dxc4 5. Bg2 b5 6. a4 Bb7 7. O-O a6 8. Nc3 Qb6 9. a5 Qd8 10. Ne5 Nf6 11. Bg5 Be7 12. Qd2 h6 13. Bf4 O-O 14. Rfd1 Qc8 15. Bxh6 gxh6 16. Qxh6 Nh7 17. Be4 f5 18. Qg6+ Kh8 19. Qh6 Rf6 20. Ng6+ Rxg6 21. Qxg6 fxe4 22. Nxe4 Qf8 23. Nc5 Bc8 24. Ra3 Nd7 25. Rf3 Qg8 26. Qxe6 Nxc5 27. Qxe7 Ne6 28. d5 cxd5 29. Rxd5 Nhg5 30. Rf6 Nh7 31. Rh6 Qg7 32. Qh4 Bd7 33. Rdh5 Ng5 34. Rxg5 Qf7 35. Rgh5 Bf5 36. Qd4+ Kg8 37. Rd6 Re8 38. e3 Qxh5 39. Rf6 Nxf6 40. Qxf6 Qg6 41. Qd4 Qe6 42. h4 Qe4 43. Qf6 Qe6 44. Qg5+ Qg6 45. Qf4 Rd8 46. Qc7 Rf8 47. Kh2 Qg4 48. Qe7 Be4 49. Kg1 Bh7 50. Qd6 Qg7 51. Qd5+ Qf7 52. Qg5+ Qg6 53. Qd5+ Rf7 54. Qd8+ Kg7 55. Qd4+ Qf6 56. Qc5 Qxb2 57. Qg5+ Kh8 58. Qd8+ Kg7 59. Qg5+ Bg6 60. f4 Qf6 61. Qc5 Qf5 62. Qd4+ Qf6 63. Qc5 Qa1+ 64. Kg2 Be4+ 65. Kh3 Qh1+ 66. Kg4 Bf3+ 67. Kg5 Qh3 68. Qe5+ Kh7 69. Qc5 Qg4# 0-1


[Site "https://www.chess.com"]

[Event "Titled Tuesday Blitz May 03 Early 2022"]
[White "Nayak, Rajesh"]
[Black "Eynullayev, Atilla"]
[WhiteFideId "35017152"]
[BlackFideId "13413570"]
[WhiteElo "1998"]
[BlackElo "1936"]
[Result "0-1"]
[Round "04"]
[TimeControl "180+1"]
[Date "2022.05.03"]
[WhiteClock "0:01:53"]
[BlackClock "0:02:36"]

1. e4 c5 2. Nf3 d6 3. d4 cxd4 4. Nxd4 Nf6 5. Nc3 a6 6. Bg5 Nbd7 7. f4 Qc7 8. Qf3 h6 9. Bh4 g5 10. fxg5 hxg5 11. Bxg5 Qc5 12. Be3 Ne5 13. Qe2 Neg4 14. Bg1 Bh6 15. h3 Bf4 16. Nf5 Qb4 17. Bd4 Bxf5 18. Bxf6 Nxf6 19. exf5 Qxb2 0-1


[Site "https://www.chess.com"]

[Event "Titled Tuesday Blitz May 03 Early 2022"]
[White "Nguyen, Hong Anh"]
[Black "Melaugh, Shane"]
[WhiteFideId "12406732"]
[BlackFideId "2509580"]
[WhiteElo "2016"]
[BlackElo "1972"]
[Result "1-0"]
[Round "04"]
[TimeControl "180+1"]
[Date "2022.05.03"]
[WhiteClock "0:00:14"]
[BlackClock "0:00:03"]

1. d4 e6 2. Nf3 f5 3. g3 Nf6 4. Bg2 Be7 5. O-O O-O 6. c4 d6 7. Nc3 Ne4 8. Qd3 d5 9. Ne5 c6 10. f3 Nxc3 11. Qxc3 Nd7 12. Nd3 Nf6 13. Nf2 c5 14. Rd1 dxc4 15. Qxc4 cxd4 16. Rxd4 Qb6 17. b4 Kh8 18. a3 e5 19. Rd1 Be6 20. Qc3 e4 21. Be3 Qb5 22. fxe4 Nxe4 23. Nxe4 fxe4 24. Bd4 Bf6 25. Qe3 Bf5 26. Rac1 Bg6 27. Rc5 Qa4 28. Rdc1 Bxd4 29. Qxd4 Qxa3 30. Rc7 Rg8 31. Ra1 Qb3 32. Rxb7 Rad8 33. Qxa7 Rd1+ 34. Bf1 Rxa1 35. Qxa1 Qe3+ 36. Kg2 Bf5 37. Qe5 Bc8 38. Rc7 Qb6 39. Qc5 Qe6 40. e3 Rd8 41. Kg1 h6 42. Qc3 Rg8 43. Bc4 Qg4 44. Bxg8 Qd1+ 45. Kf2 Qf3+ 46. Ke1 Qh1+ 47. Ke2 Qf3+ 48. Kd2 Qf2+ 49. Kc1 Qf1+ 50. Kb2 Qe2+ 51. Kb3 Qd1+ 52. Ka2 Qa4+ 53. Qa3 1-0


[Site "https://www.chess.com"]

[Event "Titled Tuesday Blitz May 03 Early 2022"]
[White "Nguyen Hong Nhung"]
[Black "Mirzoev, Azer"]
[WhiteFideId "12412201"]
[BlackFideId "13400304"]
[WhiteElo "1758"]
[BlackElo "2525"]
[Result "0-1"]
[Round "04"]
[TimeControl "180+1"]
[Date "2022.05.03"]
[WhiteClock "0:00:13"]
[BlackClock "0:00:34"]

1. e4 c5 2. Nc3 e6 3. f4 a6 4. a4 Nc6 5. Nf3 d5 6. d3 Nf6 7. g3 Be7 8. Bg2 dxe4 9. Nxe4 Nxe4 10. dxe4 Qxd1+ 11. Kxd1 b6 12. c3 Bb7 13. Kc2 Na5 14. Re1 O-O 15. Nd2 Rfd8 16. Nb3 Nc4 17. Bf1 Nd6 18. Nd2 Rac8 19. b3 Kf8 20. Bb2 g5 21. Bd3 gxf4 22. gxf4 Rc7 23. e5 Nf5 24. Nc4 b5 25. axb5 axb5 26. Ne3 Nxe3+ 27. Rxe3 c4 28. bxc4 bxc4 29. Bxh7 Rcd7 30. Bc1 Bc5 31. Rg3 Ke7 32. Kb1 Rb8 33. Bb2 Rd2 34. Kc1 Rxh2 35. Ra5 Bf2 36. Ba3+ Kd7 37. Bd6 Bxg3 38. Bxb8 Bxf4+ 39. Kb1 Rxh7 40. Ra7 Kc8 41. Bd6 f5 42. Ra4 Bd5 43. Rb4 Rh1+ 44. Kb2 Rh2+ 45. Ka3 Bc1+ 46. Ka4 Ra2+ 47. Kb5 Rb2 48. Rxb2 Bxb2 49. Kc5 f4 50. Kd4 f3 51. Ke3 Kd7 52. Bb4 Kc6 53. Kf2 Kb5 54. Ke3 Ka4 55. Bc5 Bxc3 56. Kf2 Bb4 57. Be3 c3 58. Bc1 Kb3 59. Ke3 c2 60. Kf2 Ba3 61. Bd2 c1=Q 62. Bxc1 Bxc1 63. Ke1 Bb2 64. Kd2 Bxe5 65. Ke3 Bd6 66. Kd3 Bc5 67. Kd2 e5 68. Ke1 e4 69. Kd1 e3 70. Kc1 Bc4 71. Kd1 Bb4 72. Kc1 e2 73. Kb1 e1=Q# 0-1


[Site "https://www.chess.com"]

[Event "Titled Tuesday Blitz May 03 Early 2022"]
[White "Nozdrachev, Leonid"]
[Black "Stanisz, Patryk"]
[WhiteFideId "24113433"]
[BlackFideId "1123106"]
[WhiteElo "2242"]
[BlackElo "1833"]
[Result "1-0"]
[Round "04"]
[TimeControl "180+1"]
[Date "2022.05.03"]
[WhiteClock "0:01:17"]
[BlackClock "0:00:01"]

1. d4 d5 2. c3 Nf6 3. Bg5 Ne4 4. Bh4 c6 5. f3 Nf6 6. f4 Qb6 7. Qc1 Bf5 8. Nf3 e6 9. e3 Nbd7 10. Nbd2 Ng4 11. Nb3 a5 12. h3 Ngf6 13. Be2 a4 14. Nbd2 Ne4 15. O-O c5 16. Nxe4 Bxe4 17. Kh1 Bxf3 18. Bxf3 f5 19. c4 cxd4 20. cxd5 Be7 21. Bxe7 Kxe7 22. dxe6 Nf6 23. exd4 Rac8 24. Qe3 Rhd8 25. Qa3+ Kxe6 26. Rae1+ Kf7 27. Re7+ Kg8 28. Qxa4 Rxd4 29. Rxb7 Rxa4 30. Rxb6 Rxf4 31. Rxf6 Rxf3 32. Rxf3 1-0


[Site "https://www.chess.com"]

[Event "Titled Tuesday Blitz May 03 Early 2022"]
[White "Obolenskikh, Dmitry"]
[Black "Mikhailovsky, Vladimir"]
[WhiteFideId "4156013"]
[BlackFideId "34105414"]
[WhiteElo "2512"]
[BlackElo "2349"]
[Result "0-1"]
[Round "04"]
[TimeControl "180+1"]
[Date "2022.05.03"]
[WhiteClock "0:00:01"]
[BlackClock "0:00:09"]

1. Nf3 d5 2. e3 Nf6 3. c4 e6 4. b3 b6 5. Bb2 Bb7 6. Nc3 Nbd7 7. Rc1 Bd6 8. cxd5 exd5 9. Nb5 O-O 10. Nxd6 cxd6 11. d4 Ne4 12. Bd3 f5 13. O-O Ndf6 14. Qe2 Qe7 15. Nh4 g6 16. g3 Rac8 17. a4 Rxc1 18. Rxc1 Rc8 19. Rxc8+ Bxc8 20. Qc2 Qb7 21. Bc1 Bd7 22. f3 Ng5 23. Bb5 Ne6 24. Be2 b5 25. a5 a6 26. Bd2 Nd8 27. h3 Nc6 28. b4 Ne7 29. Kf2 Qc6 30. Qxc6 Bxc6 31. g4 Bd7 32. Kg3 g5 33. Ng2 Kf7 34. Ne1 h6 35. Nd3 Kg6 36. Bd1 h5 37. Bc2 Kf7 38. Nc1 fxg4 39. hxg4 hxg4 40. fxg4 Ne4+ 41. Bxe4 dxe4 42. Ne2 Nd5 43. Nc3 Nxc3 44. Bxc3 Be6 45. d5 Bxd5 46. Bd4 Ke6 47. Bb6 Bc4 48. Bd8 Kf7 49. Bxg5 Kg6 50. Be7 d5 51. Kf4 Be2 52. g5 Kf7 53. Bf6 Ke6 54. Bd4 Bh5 55. Bc5 Bg6 56. Kg4 Bf7 57. Bb6 Bg6 58. Kf4 Bf7 59. Bc5 Bg6 60. Ba7 Be8 61. Bb8 Bf7 62. Bc7 Bh5 63. Bd8 Bg6 64. Bf6 Kd7 0-1


[Site "https://www.chess.com"]

[Event "Titled Tuesday Blitz May 03 Early 2022"]
[White "Oganian, Miran"]
[Black "Pranav, V"]
[WhiteFideId "4122488"]
[BlackFideId "25060783"]
[WhiteElo "2357"]
[BlackElo "2349"]
[Result "1/2-1/2"]
[Round "04"]
[TimeControl "180+1"]
[Date "2022.05.03"]
[WhiteClock "0:00:13"]
[BlackClock "0:00:14"]

1. e4 e5 2. Nf3 Nf6 3. Nc3 Nc6 4. d4 exd4 5. Nxd4 Bb4 6. Nxc6 bxc6 7. Bd3 d6 8. O-O Ng4 9. h3 Ne5 10. Be3 O-O 11. f4 Nxd3 12. cxd3 d5 13. Bd4 a5 14. a3 Be7 15. f5 Rb8 16. f6 Bxf6 17. Rxf6 gxf6 18. exd5 Bf5 19. Qf3 Bg6 20. Bxf6 Qd6 21. Rf1 Rfe8 22. Ne4 Rxe4 23. dxe4 cxd5 24. exd5 Re8 25. Kh1 a4 26. Bc3 h6 27. Qf2 Re4 28. Qa7 f5 29. Qb8+ Re8 30. Qa7 Re4 31. Bb4 Qxd5 32. Qxc7 Re2 33. Rg1 Be8 34. Bc3 Qf7 35. Qg3+ Qg6 36. Qf3 Re4 37. Rf1 f4 38. Rd1 Bc6 39. Qf2 Re3 40. Rd8+ Re8 41. Rxe8+ Bxe8 42. Qxf4 Bc6 43. Qb8+ Kf7 44. Qc7+ Ke8 45. Qe5+ Kd7 46. Qg7+ Qxg7 47. Bxg7 h5 48. Kh2 Ke6 49. g4 hxg4 50. hxg4 Bd5 51. Bc3 Bb3 52. Kg3 Kf7 53. Kf4 Kg6 54. g5 Bd1 55. b4 axb3 56. Bb2 Be2 57. a4 Kf7 58. a5 Ke7 59. g6 Kd7 60. g7 Bc4 61. a6 Kc7 62. Ke5 Kb6 63. Kd4 Bg8 64. Ke5 Kxa6 65. Kd6 Kb5 66. Ke7 Kc4 67. Kf8 Bh7 68. g8=Q+ Bxg8 69. Kxg8 Kd3 70. Kg7 Kc2 71. Be5 Kb1 72. Bd4 Ka2 73. Be5 b2 74. Bxb2 1/2-1/2


[Site "https://www.chess.com"]

[Event "Titled Tuesday Blitz May 03 Early 2022"]
[White "Omariev, Maksim"]
[Black "Horcajuelo Rocamora, Martin"]
[WhiteFideId "4193423"]
[BlackFideId "24573027"]
[WhiteElo "2508"]
[BlackElo "1822"]
[Result "1-0"]
[Round "04"]
[TimeControl "180+1"]
[Date "2022.05.03"]
[WhiteClock "0:00:23"]
[BlackClock "0:00:58"]

1. e4 e5 2. Nf3 Nc6 3. Bb5 Nf6 4. O-O Nxe4 5. Re1 Nd6 6. Nxe5 Nxe5 7. Rxe5+ Be7 8. Bd3 O-O 9. Nc3 Bf6 10. Re3 c6 11. b3 Ne8 12. Ba3 d6 13. Qf3 Bxc3 14. dxc3 Nf6 15. c4 Be6 16. Qf4 c5 17. Bb2 d5 18. Rae1 d4 19. Re5 Kh8 20. Rxc5 g6 21. Bxd4 1-0


[Site "https://www.chess.com"]

[Event "Titled Tuesday Blitz May 03 Early 2022"]
[White "Ozturk, Efe Hakan"]
[Black "Urbina Perez, Juan Antonio"]
[WhiteFideId "34550216"]
[BlackFideId "2217368"]
[WhiteElo "1924"]
[BlackElo "2192"]
[Result "1/2-1/2"]
[Round "04"]
[TimeControl "180+1"]
[Date "2022.05.03"]
[WhiteClock "0:00:07"]
[BlackClock "0:00:59"]

1. Nf3 g6 2. c4 Bg7 3. d4 Nf6 4. g3 d5 5. Bg2 c6 6. O-O O-O 7. Qb3 dxc4 8. Qxc4 Be6 9. Qc2 Bf5 10. Qb3 Qb6 11. Nc3 Qxb3 12. axb3 Ne4 13. Nh4 Nxc3 14. bxc3 Be6 15. Ba3 Re8 16. Bc5 a6 17. b4 Nd7 18. Ra3 Rac8 19. Rfa1 b6 20. Rxa6 bxc5 21. bxc5 Nb8 22. Rb6 Red8 23. Ra7 Bf6 24. Nf3 Bd5 25. Bh3 e6 26. Nd2 Bg5 27. f4 Nd7 28. Rbb7 Bf6 29. e4 Ba2 30. Rxa2 Rb8 31. Rxb8 Rxb8 32. e5 Bg7 33. Bg2 Rc8 34. Ra6 Nb8 35. Ra7 Kf8 36. Nc4 Kg8 37. Nb6 Rd8 38. Rc7 Bf8 39. Bxc6 Na6 40. Ra7 Nxc5 41. dxc5 Bxc5+ 42. Kg2 Bxb6 43. Ra8 Rxa8 44. Bxa8 Kf8 45. Kf3 Ke7 46. h3 Bc5 47. Be4 h5 48. g4 hxg4+ 49. hxg4 Ba3 50. f5 g5 51. fxe6 fxe6 52. Ke3 Bb2 53. Kd3 Kd7 54. Bg6 Bc1 55. Kd4 Kc6 56. Be4+ Kd7 57. Bg6 Bf4 58. c4 Bh2 59. Ke4 Bg1 60. Bf7 Bc5 61. Bg6 Ke7 62. Bh5 Bb6 63. Bg6 Kf8 64. Bh5 Bc5 65. Bg6 Kg7 66. Be8 Bb4 67. Bh5 Kf8 68. Bg6 Bc5 69. Bh5 Ke7 70. Bg6 Kd7 71. Bh5 Kd8 72. Bf7 Ke7 73. Bh5 Kf8 74. Bg6 Kg7 75. Be8 Kf8 76. Bh5 Ke7 77. Bg6 Kd7 78. Bf7 Kd8 79. Bh5 Ke7 1/2-1/2


[Site "https://www.chess.com"]

[Event "Titled Tuesday Blitz May 03 Early 2022"]
[White "Pasti, Aron"]
[Black "Barp, Alberto"]
[WhiteFideId "785857"]
[BlackFideId "872555"]
[WhiteElo "2133"]
[BlackElo "2229"]
[Result "1-0"]
[Round "04"]
[TimeControl "180+1"]
[Date "2022.05.03"]
[WhiteClock "0:00:29"]
[BlackClock "0:00:44"]

1. e4 c6 2. d4 d5 3. Nc3 dxe4 4. Nxe4 Nf6 5. Nxf6+ exf6 6. c3 Bd6 7. Bd3 O-O 8. Ne2 Re8 9. O-O h5 10. Qc2 h4 11. Bf4 h3 12. g3 b5 13. Rfe1 Bg4 14. Bxd6 Qxd6 15. Nf4 Nd7 16. Bf5 Bf3 17. Bxh3 g5 18. Qf5 Nf8 19. Bg4 Bd5 20. Nxd5 cxd5 21. Bf3 Rxe1+ 22. Rxe1 Rd8 23. b4 Kg7 24. h4 gxh4 25. gxh4 Ne6 26. Re3 Rg8 27. Bxd5 Kf8+ 28. Kf1 Nf4 29. Qc8+ Kg7 30. Rg3+ 1-0


[Site "https://www.chess.com"]

[Event "Titled Tuesday Blitz May 03 Early 2022"]
[White "Peterson, Eric"]
[Black "Ljukin, Sergei"]
[WhiteFideId "14908395"]
[BlackFideId "14102200"]
[WhiteElo "2195"]
[BlackElo "2312"]
[Result "0-1"]
[Round "04"]
[TimeControl "180+1"]
[Date "2022.05.03"]
[WhiteClock "0:00:01"]
[BlackClock "0:00:14"]

1. e4 e6 2. d4 d5 3. Nc3 Bb4 4. Ne2 Nc6 5. a3 Ba5 6. b4 Bb6 7. e5 f6 8. f4 fxe5 9. dxe5 Nh6 10. Na4 O-O 11. Nxb6 axb6 12. Bb2 Nf5 13. Qd2 Bd7 14. O-O-O Nb8 15. g4 Nh4 16. Qe3 c5 17. bxc5 bxc5 18. Qxc5 Na6 19. Qf2 Rc8 20. Nd4 Nc5 21. Bd3 Na4 22. f5 Nxb2 23. Kxb2 Qb6+ 24. Ka2 exf5 25. Rb1 Qc5 26. e6 Ra8 27. Rb3 Bxe6 28. gxf5 Nxf5 29. c3 Nxd4 30. Qxd4 Rf2+ 31. Kb1 Qxd4 32. cxd4 Ra4 33. Rxb7 Rxd4 34. Rb8+ Kf7 35. Bxh7 g6 36. Rb7+ Kf6 37. Rc1 Bf5+ 38. Ka1 Rdd2 0-1


[Site "https://www.chess.com"]

[Event "Titled Tuesday Blitz May 03 Early 2022"]
[White "Petrova, Irina"]
[Black "Kejzar, Petra"]
[WhiteFideId "14124122"]
[BlackFideId "14610213"]
[WhiteElo "1993"]
[BlackElo "2003"]
[Result "1-0"]
[Round "04"]
[TimeControl "180+1"]
[Date "2022.05.03"]
[WhiteClock "0:00:39"]
[BlackClock "0:00:13"]

1. e4 c5 2. Nf3 e6 3. b3 b6 4. Bd3 Bb7 5. O-O Nf6 6. Re1 Be7 7. Bb2 O-O 8. e5 Nd5 9. c4 Nf4 10. Bf1 d5 11. exd6 Bxd6 12. d4 cxd4 13. Nxd4 Qg5 14. g3 Bc5 15. Nc3 Rd8 16. Ne4 Bxe4 17. Rxe4 e5 18. Qf3 Na6 19. Nc6 Rd2 20. Rxe5 Qg6 21. Rxc5 Re8 22. Ne7+ Kh8 23. Nxg6+ Nxg6 24. Bxg7+ Kxg7 25. Qc3+ 1-0


[Site "https://www.chess.com"]

[Event "Titled Tuesday Blitz May 03 Early 2022"]
[White "Petrovic, Aleksa"]
[Black "Horobetz, Graham"]
[WhiteFideId "967629"]
[BlackFideId "2047322"]
[WhiteElo "2198"]
[BlackElo "2644"]
[Result "0-1"]
[Round "04"]
[TimeControl "180+1"]
[Date "2022.05.03"]
[WhiteClock "0:00:01"]
[BlackClock "0:00:05"]

1. d4 Nf6 2. c4 e6 3. Nf3 d5 4. Nc3 Bb4 5. Qa4+ Nc6 6. e3 O-O 7. Qc2 Re8 8. Bd2 e5 9. dxe5 Nxe5 10. Nxe5 Rxe5 11. cxd5 Nxd5 12. Nxd5 Bxd2+ 13. Qxd2 Rxd5 14. Qc3 Bg4 15. f3 Be6 16. e4 Rd4 17. Be2 c5 18. O-O Qb6 19. Rac1 c4 20. Kh1 Rad8 21. h3 Bxh3 22. gxh3 Qh6 23. f4 g6 24. Qf3 b5 25. Rfd1 Qh4 26. Rxd4 Rxd4 27. Rd1 Qd8 28. Rxd4 Qxd4 29. f5 Qxb2 30. f6 Qe5 31. a4 a6 32. axb5 axb5 33. Qe3 Qxf6 34. e5 Qe7 35. Qd4 h5 36. Qd6 Qxd6 37. exd6 Kf8 38. Kg2 Ke8 39. Kf3 Kd7 40. Ke4 Kxd6 41. Kd4 Ke6 42. Kc5 Ke5 43. Kxb5 c3 44. Bd3 Kd4 45. Bc2 Ke3 46. Kc4 Kd2 47. Kb3 g5 48. Bf5 f6 49. Be4 g4 50. hxg4 hxg4 51. Bf5 g3 52. Be4 f5 53. Bxf5 g2 0-1


[Site "https://www.chess.com"]

[Event "Titled Tuesday Blitz May 03 Early 2022"]
[White "Pham, Tran Gia Phuc"]
[Black "Shuvalov, Evgenij"]
[WhiteFideId "12415669"]
[BlackFideId "4187237"]
[WhiteElo "1789"]
[BlackElo "2130"]
[Result "0-1"]
[Round "04"]
[TimeControl "180+1"]
[Date "2022.05.03"]
[WhiteClock "0:00:22"]
[BlackClock "0:00:42"]

1. e4 e6 2. d4 d5 3. e5 c5 4. c3 Nc6 5. Nf3 Qb6 6. Na3 cxd4 7. cxd4 Bb4+ 8. Bd2 Bxa3 9. bxa3 Nxd4 10. Rb1 Nxf3+ 11. gxf3 Qc7 12. f4 Ne7 13. Bb4 O-O 14. Rc1 Qd8 15. Bd3 Re8 16. Bd6 Nf5 17. Bxf5 exf5 18. Qxd5 Be6 19. Qd2 Rc8 20. O-O Qh4 21. f3 h6 22. Bc5 b6 23. Bf2 Qh3 24. Bg3 Rcd8 25. Qe3 Rd7 26. Rc2 Red8 27. Qe2 Rd3 28. a4 h5 29. Qf2 Bd5 30. Rd2 Bxf3 31. Rxd3 Rxd3 32. Rc1 Be4 33. a5 bxa5 34. a4 Kh7 35. e6 fxe6 36. Re1 h4 37. Bxh4 Rf3 0-1


[Site "https://www.chess.com"]

[Event "Titled Tuesday Blitz May 03 Early 2022"]
[White "Piliczewski, Bogusz"]
[Black "Pesotskiy, Mikhail"]
[WhiteFideId "1104144"]
[BlackFideId "34164453"]
[WhiteElo "1896"]
[BlackElo "2010"]
[Result "0-1"]
[Round "04"]
[TimeControl "180+1"]
[Date "2022.05.03"]
[WhiteClock "0:00:01"]
[BlackClock "0:00:15"]

1. d4 Nf6 2. Nf3 e6 3. Bf4 c5 4. c3 Nc6 5. e3 Nh5 6. Bg5 Qb6 7. b3 h6 8. Bh4 g5 9. Nfd2 gxh4 10. Qxh5 cxd4 11. exd4 Nxd4 12. Qe5 Nc2+ 13. Kd1 Nxa1 14. Qxh8 Qxf2 15. Qd4 Qxd4 16. cxd4 a5 17. Kc1 a4 18. Kb2 axb3 19. axb3 d5 20. Bb5+ Bd7 21. Bxd7+ Kxd7 22. Nc3 Bb4 23. Rc1 Ba3+ 24. Kb1 Bxc1 25. Kxc1 Kc6 26. Kb2 f6 27. b4 e5 28. b5+ Kd6 29. Nf3 h3 30. g3 Ke6 31. Ne1 h5 32. Na2 exd4 33. Kxa1 Ke5 34. Kb2 Ke4 35. Nc1 Rc8 36. Ned3 Rc3 37. Nf2+ Kf3 38. Nxh3 h4 39. gxh4 Kg4 40. Nf2+ Kxh4 41. Ne2 Rf3 42. Nd1 d3 43. Nc1 Kh3 44. Kc3 Kxh2 0-1


[Site "https://www.chess.com"]

[Event "Titled Tuesday Blitz May 03 Early 2022"]
[White "Pinero Rodriguez, Carlos Jose"]
[Black "Hnydiuk, Aleksander"]
[WhiteFideId "3901726"]
[BlackFideId "1109057"]
[WhiteElo "2053"]
[BlackElo "2374"]
[Result "0-1"]
[Round "04"]
[TimeControl "180+1"]
[Date "2022.05.03"]
[WhiteClock "0:00:30"]
[BlackClock "0:00:50"]

1. b3 e5 2. Bb2 Nc6 3. e3 Nf6 4. a3 d5 5. c4 d4 6. Qc2 a5 7. d3 Bc5 8. e4 O-O 9. Nd2 Nh5 10. g3 g6 11. Bg2 f5 12. Ne2 f4 13. O-O g5 14. f3 Be6 15. g4 Nf6 16. Kf2 Qd7 17. h3 h5 18. Rh1 Kg7 19. Ng1 Rh8 20. Ne2 hxg4 21. hxg4 Bxg4 22. fxg4 Nxg4+ 23. Kg1 Ne3 24. Qc1 Qg4 25. Qf1 Nxf1 26. Kxf1 Rxh1+ 27. Bxh1 Rh8 28. Bf3 Qh3+ 29. Kf2 Qh4+ 30. Kf1 g4 31. Bg2 f3 32. Bxf3 gxf3 33. Nxf3 Qh3+ 34. Kf2 Rf8 35. Ng1 Qh2+ 36. Ke1 Qxb2 37. Rd1 Bxa3 38. Rd2 Bb4 39. Ke2 Bxd2 40. Nxd2 Rf2+ 41. Kxf2 Qxd2+ 42. Kg3 Qxd3+ 43. Nf3 Qxb3 44. Kg4 Qxc4 45. Kf5 Qf7+ 46. Kg4 Qf4+ 47. Kh3 Qxf3+ 48. Kh2 Qxe4 49. Kg1 Qc2 50. Kh1 e4 51. Kg1 Ne5 52. Kh1 c5 53. Kg1 b5 54. Kh1 a4 55. Kg1 b4 56. Kh1 c4 57. Kg1 e3 58. Kh1 d3 59. Kg1 c3 60. Kh1 b3 61. Kg1 a3 62. Kh1 a2 63. Kg1 b2 64. Kh1 a1=Q# 0-1


[Site "https://www.chess.com"]

[Event "Titled Tuesday Blitz May 03 Early 2022"]
[White "Pinheiro, Iung Alicio de O."]
[Black "Preotu, Razvan"]
[WhiteFideId "2104350"]
[BlackFideId "2613280"]
[WhiteElo "2561"]
[BlackElo "2407"]
[Result "0-1"]
[Round "04"]
[TimeControl "180+1"]
[Date "2022.05.03"]
[WhiteClock "0:00:07"]
[BlackClock "0:00:04"]

1. c4 c5 2. g3 Nc6 3. Bg2 g6 4. a3 Bg7 5. Nc3 b6 6. d3 Bb7 7. e4 d6 8. Nge2 Nf6 9. O-O O-O 10. Rb1 e6 11. Bg5 h6 12. Bf4 Kh7 13. h3 Qe7 14. b4 Rad8 15. Qa4 Nd4 16. Nxd4 cxd4 17. Ne2 a6 18. Rfe1 Nh5 19. Bd2 f5 20. exf5 gxf5 21. Nf4 Nxf4 22. Bxf4 Bxg2 23. Kxg2 e5 24. Qc6 Qf7 25. Bd2 f4 26. Qe4+ Kh8 27. g4 f3+ 28. Kh1 b5 29. Rbc1 bxc4 30. dxc4 Rc8 31. Qd3 Rc7 32. c5 dxc5 33. Rxc5 Rxc5 34. bxc5 Qd5 35. Bb4 Rf4 36. Qxa6 e4 37. c6 Rf7 38. Qc8+ Kh7 39. c7 e3 40. Qd8 Rd7 41. Qb8 exf2 42. Rf1 Qc4 43. Rxf2 Qc1+ 44. Kh2 Be5# 0-1


[Site "https://www.chess.com"]

[Event "Titled Tuesday Blitz May 03 Early 2022"]
[White "Plotnikov, Pavel"]
[Black "Aldokhin, Ivan"]
[WhiteFideId "4170342"]
[BlackFideId "24115720"]
[WhiteElo "2298"]
[BlackElo "2231"]
[Result "1-0"]
[Round "04"]
[TimeControl "180+1"]
[Date "2022.05.03"]
[WhiteClock "0:00:09"]
[BlackClock "0:00:04"]

1. e4 c5 2. Nf3 e6 3. d4 cxd4 4. Nxd4 a6 5. Nc3 Qc7 6. Qf3 Nf6 7. Bg5 Be7 8. Bd3 Nc6 9. Nxc6 bxc6 10. O-O d5 11. Rfe1 O-O 12. e5 Ne8 13. Qh3 g6 14. Bxe7 Qxe7 15. f4 Ng7 16. Kh1 Bb7 17. Ne2 f6 18. Nd4 Rae8 19. Nf3 c5 20. c3 f5 21. Rad1 Nh5 22. g3 d4 23. Qg2 dxc3 24. bxc3 Rd8 25. Be2 Qc7 26. Kg1 Qc6 27. Qf2 h6 28. h3 g5 29. fxg5 hxg5 30. Kh2 Kg7 31. Nxg5 Kg6 32. Nf3 Ng7 33. Nh4+ Kf7 34. Bf3 Qc7 35. Bxb7 Qxb7 36. Qxc5 Rxd1 37. Rxd1 Qb2+ 38. Ng2 Kg8 39. Qe3 Qc2 40. Rd7 f4 41. gxf4 Nf5 42. Qf3 Rf7 43. Qg4+ Kf8 44. Rd8+ Ke7 45. Qg5+ 1-0


[Site "https://www.chess.com"]

[Event "Titled Tuesday Blitz May 03 Early 2022"]
[White "Popadic, Dragan"]
[Black "Ismayil, Malak"]
[WhiteFideId "913650"]
[BlackFideId "13412604"]
[WhiteElo "2203"]
[BlackElo "1879"]
[Result "0-1"]
[Round "04"]
[TimeControl "180+1"]
[Date "2022.05.03"]
[WhiteClock "0:00:02"]
[BlackClock "0:00:06"]

1. e4 e5 2. d4 Nc6 3. dxe5 Nxe5 4. Nf3 Nc6 5. Nc3 Bc5 6. Bc4 d6 7. h3 Nf6 8. O-O O-O 9. Bg5 Be6 10. Nd5 Bxd5 11. exd5 Ne5 12. Bb3 h6 13. Bh4 Ng6 14. Bg3 Qd7 15. Qd2 Rae8 16. Rae1 Qf5 17. Nd4 Qh5 18. Nb5 Ne4 19. Qd3 Nxg3 20. Qxg3 Bb6 21. Nc3 Qf5 22. Na4 Nf4 23. Nxb6 axb6 24. Qf3 Qf6 25. Ba4 Re5 26. Rxe5 Qxe5 27. Rd1 Ng6 28. c3 Qf6 29. Qe2 Ne5 30. Bc2 g6 31. Re1 Kg7 32. Kf1 Ra8 33. a3 Nd7 34. Qc4 Rc8 35. Qb5 Ne5 36. Qe2 h5 37. Qd2 Nd7 38. Qd3 Nc5 39. Qe3 b5 40. Qe7 Qxe7 41. Rxe7 Kf6 42. Re2 Nd7 43. Ke1 Nb6 44. Bd3 Nxd5 45. Bxb5 Nf4 0-1


[Site "https://www.chess.com"]

[Event "Titled Tuesday Blitz May 03 Early 2022"]
[White "Priyanka, K"]
[Black "Prraneeth Vuppala"]
[WhiteFideId "5082986"]
[BlackFideId "46622373"]
[WhiteElo "1905"]
[BlackElo "1958"]
[Result "0-1"]
[Round "04"]
[TimeControl "180+1"]
[Date "2022.05.03"]
[WhiteClock "0:00:03"]
[BlackClock "0:00:21"]

1. e4 c5 2. Nf3 d6 3. d4 cxd4 4. Nxd4 Nf6 5. Nc3 a6 6. h4 e5 7. Nb3 b5 8. a4 b4 9. Nd5 Bb7 10. Nxb4 Bxe4 11. a5 Bb7 12. c4 Nbd7 13. Rh3 Be7 14. Bg5 h6 15. Bxf6 Nxf6 16. h5 d5 17. Nxd5 Nxd5 18. cxd5 Bb4+ 19. Nd2 O-O 20. Rb3 Qd6 21. Ra4 Bxd2+ 22. Qxd2 Bxd5 23. Rb6 Qd7 24. Ra3 Rfd8 25. Rd3 Rac8 26. Be2 e4 27. Rd4 Qf5 28. Bxa6 e3 29. fxe3 Qb1+ 30. Kf2 Rc2 0-1


[Site "https://www.chess.com"]

[Event "Titled Tuesday Blitz May 03 Early 2022"]
[White "Rabineau, Clement"]
[Black "Martinez Alcantara, Jose Eduardo"]
[WhiteFideId "628891"]
[BlackFideId "3805662"]
[WhiteElo "2237"]
[BlackElo "2690"]
[Result "0-1"]
[Round "04"]
[TimeControl "180+1"]
[Date "2022.05.03"]
[WhiteClock "0:00:03"]
[BlackClock "0:00:17"]

1. e4 g6 2. d4 Bg7 3. Nc3 d6 4. Be3 a6 5. h4 h5 6. f3 b5 7. a4 b4 8. Nce2 Nd7 9. c3 Rb8 10. Qd2 a5 11. Nh3 Ngf6 12. Ng5 O-O 13. g3 e5 14. Bg2 Ba6 15. O-O c5 16. Rfd1 Qc7 17. Bf1 bxc3 18. bxc3 Nb6 19. dxe5 dxe5 20. Qd6 Rfc8 21. Rab1 Qxd6 22. Rxd6 Nc4 23. Rxb8 Rxb8 24. Rxa6 Nxe3 25. Kf2 Nc4 26. Ra7 Bh6 27. Bh3 Bxg5 28. hxg5 Ne8 29. Bd7 Ned6 30. Bc6 Nb2 31. Ke1 Ndc4 32. Bb5 Rd8 33. Rd7 Rxd7 34. Bxd7 Nb6 35. Bb5 N2xa4 36. Kd2 c4 37. Ng1 Nc5 38. Nh3 Kf8 39. f4 Nxe4+ 40. Ke3 Nxc3 0-1


[Site "https://www.chess.com"]

[Event "Titled Tuesday Blitz May 03 Early 2022"]
[White "Redor, Menandro"]
[Black "Winkels, Marcel"]
[WhiteFideId "5222010"]
[BlackFideId "1003887"]
[WhiteElo "1986"]
[BlackElo "1900"]
[Result "0-1"]
[Round "04"]
[TimeControl "180+1"]
[Date "2022.05.03"]
[WhiteClock "0:01:37"]
[BlackClock "0:01:39"]

1. e4 c5 2. Nf3 d6 3. d3 Nc6 4. g3 g6 5. Bg2 Bg7 6. O-O e5 7. Nc3 Nge7 8. Nd5 Nxd5 9. exd5 Ne7 10. c4 O-O 11. Re1 f5 12. a3 h6 13. b4 b6 14. Qe2 Bd7 15. Rb1 Qc8 16. d4 e4 17. dxc5 exf3 18. Qxe7 Re8 19. cxd6 Rxe7 20. dxe7 fxg2 21. Bf4 Qxc4 22. Rbc1 Qxd5 23. Rcd1 Qb7 24. Rd6 g5 25. Red1 Be8 26. Rd8 gxf4 27. Rxa8 Qxa8 28. b5 Kf7 29. Rd8 Qf3 0-1


[Site "https://www.chess.com"]